 Dungeon Crawl Stone Soup version 0.29.1-15-g9cfb28693d (webtiles) character file.

Game seed: 3206915697196812221

261 H0rd4k the Insei (level 6, -4/42 HPs)
             Began as an Octopode Artificer on Apr 12, 2023.
             Slain by Blork the orc
             ... wielding a +0 glaive
              (13 damage)
             ... on level 4 of the Dungeon.
             The game lasted 00:02:08 (3290 turns).

H0rd4k the Insei (Octopode Artificer)               Turns: 3290, Time: 00:02:08

Health: -4/42      AC:  1    Str: 12    XL:     6   Next: 18%
Magic:  9/9        EV: 13    Int: 15    God:
Gold:   201        SH:  0    Dex: 12    Spells: 10/10 levels left

rFire   . . .      SeeInvis .     - Unarmed
rCold   . . .      Faith    .   (no shield)
rNeg    . . .      Spirit   .   (helmet restricted)
rPois   .          Reflect  .   (no amulet)
rElec   .          Harm     .   (no ring)
rCorr   .          Rampage  .   (no ring)
Will    .....                   (no ring)
Stlth   +++.......              (no ring)
HPRegen 0.14/turn               (no ring)
MPRegen 0.11/turn               (no ring)
                                (no ring)
                                (no ring)

@: no status effects
A: almost no armour, amphibious, 8 rings, camouflage 1, gelatinous body 1,
(nimble swimmer 1), tentacles
a: no special abilities


You were on level 4 of the Dungeon.
You visited 1 branch of the dungeon, and saw 4 of its levels.

You collected 201 gold pieces.

Inventory:

Missiles
 r - 4 poisoned darts
Wands
 b - a wand of flame (14) (quivered)
 c - a wand of charming (14)
 d - a wand of iceblast (1)
Scrolls
 e - 2 scrolls of torment {unknown}
 f - 4 scrolls of amnesia {unknown}
 h - a scroll of identify {unknown}
 j - a scroll of acquirement {unknown}
 m - a scroll of blinking {unknown}
 n - 2 scrolls of fear {unknown}
 o - a scroll of vulnerability {unknown}
 p - a scroll of enchant weapon {unknown}
 q - a scroll of magic mapping {unknown}
Potions
 a - a potion of degeneration {unknown}
 g - a potion of heal wounds {unknown}
 i - 2 potions of mutation {unknown}
 k - 2 potions of attraction {unknown}
 l - a potion of curing {unknown}


   Skills:
 * Level 3.0 Fighting
 - Level 2.3 Dodging
 - Level 1.3 Stealth
 + Level 3.8 Unarmed Combat
 * Level 2.6 Spellcasting
 - Level 3.2 Evocations


You had 10 spell levels left.
You didn't know any spells.
Your spell library contained the following spells:

 Spells                   Type           Power      Damage    Failure   Level
 Summon Small Mammal      Summ           4%         N/A       22%         1
 Call Canine Familiar     Summ           1%         N/A       54%         3
 Summon Guardian Golem    Hex/Summ       1%         N/A       54%         3


Dungeon Overview and Level Annotations

Branches:
Dungeon (4/15)
 Temple: D:4-7

Altars:
Xom

Annotations:
D:4 Blork the orc, Edmund


Innate Abilities, Weirdness & Mutations

You cannot wear most types of armour.
You are amphibious.
You can wear up to eight rings at the same time.
Your skin changes colour to match your surroundings (Stealth+).
Your rubbery body absorbs attacks. (AC +1, EV +1)
((You are camouflaged when in or above water. (Stealth+)))
You have tentacles for arms and can constrict up to eight enemies at once.


Message History

You barely miss the gnoll. You grab the gnoll.
The gnoll is almost dead.
You constrict the gnoll. The gnoll barely misses you.
You tentacle-slap the gnoll.
You kill the gnoll!
Things that are here:
a +0 halberd; a gnoll corpse No target in view!
Magic restored.
Blork the orc comes into view.
He is wielding a +0 glaive.
Blork the orc is nearby!
Blork the orc is nearby!
Blork the orc is nearby!
Blork the orc is nearby!
Blork the orc shouts!
You tentacle-slap Blork the orc. Your grab misses Blork the orc.
You squeeze Blork the orc.
Blork the orc is lightly wounded.
Blork the orc hits you with a +0 glaive.
Blork the orc is nearby!
You closely miss Blork the orc. You grab Blork the orc.
You squeeze Blork the orc!
Blork the orc is heavily wounded.
You constrict Blork the orc, but do no damage.
Blork the orc points at you and mumbles some strange words.
The puff of frost hits you!
You tentacle-slap Blork the orc.
Blork the orc is severely wounded.
You constrict Blork the orc.
Blork the orc hits you with a +0 glaive!
* * * LOW HITPOINT WARNING * * *
Aiming: Throw Flame
Press: ? - help, Shift-Dir - straight line, f - Blork the orc
Aim: Blork the orc, wielding a +0 glaive and wearing a +0 robe (severely wounded, constricted by you, 100% to hit)
The puff of flame hits Blork the orc.
Blork the orc is almost dead.
You constrict Blork the orc.
Blork the orc screams, "You are the ugliest creature I've ever seen!"
Blork the orc hits you with a +0 glaive!
You die...

.... ...# ..# #.#
#.##+#### #)).....#
#....)..# #)......#
#@......# ######
###o##..### #....#
...###...# #....#
..##<# #.#.# #....#
..###..##.#..# #...@##
..........##.###......
..####...##....###...
. ###..####.# #...
....##.####'###...


You could see Blork the orc.

Vanquished Creatures
  Eustachio (D:4)
  3 gnolls (D:4)
  2 adders (D:3)
  An ufetubus (D:3)
  A worm (D:2)
  2 dart slugs
  9 ball pythons
  4 endoplasms
  3 giant cockroaches
  5 goblins
  6 hobgoblins
  6 jackals (D:2)
  4 kobolds
  4 quokkas
  7 bats
  2 frilled lizards
  A rat (D:2)
61 creatures vanquished.

Vanquished Creatures (others)
  An endoplasm (D:1)
  A kobold (D:3)
2 creatures vanquished.

Grand Total: 63 creatures vanquished

Notes
Turn   | Place    | Note
-------+----------+-------------------------------------------
     0 | D:1      | H0rd4k the Octopode Artificer began the quest for the Orb.
     0 | D:1      | Reached XP level 1. HP: 13/13 MP: 1/1
   342 | D:1      | Reached XP level 2. HP: 7/18 MP: 3/3
   688 | D:1      | Reached skill level 1 in Spellcasting
  1018 | D:2      | Reached XP level 3. HP: 18/24 MP: 4/4
  1210 | D:2      | Reached skill level 1 in Unarmed Combat
  2482 | D:3      | Reached XP level 4. HP: 29/29 MP: 6/6
  2499 | D:3      | Found a shimmering altar of Xom.
  3229 | D:4      | Noticed Edmund
  3246 | D:4      | Noticed Eustachio
  3253 | D:4      | Killed Eustachio
  3254 | D:4      | Reached XP level 5. HP: 36/36 MP: 6/8
  3254 | D:4      | Reached XP level 6. HP: 41/41 MP: 6/9
  3283 | D:4      | Noticed Blork the orc
  3290 | D:4      | Slain by Blork the orc

Illustrated notes

Levels and vault maps discovered:
D:1:      amcnicky_arrival_feature_with_door, layout_rooms
D:2:      layout_rooms
D:3:      layout_basic, xom_confusion_cloud
D:4:      layout_basic, chequers_temple_overflow_minitemple,
          grunt_decor_fettered, st_stairs_1, minmay_misc_feat_iff,
          minmay_misc_feat_four_crosses, minmay_unequal, uniq_eustachio,
          uniq_edmund, uniq_blork_the_orc

Skill      XL: |  1  2  3  4  5  6 |
---------------+-------------------+-----
Spellcasting   | 1 2 |  2.6
Fighting       | 2 3 |  3.0
Unarmed Combat | 1 3 |  3.8
Dodging        | |  2.3
Stealth        | |  1.3
Evocations     | |  3.2

Action                   |  1- 3 |  4- 6 || total
-------------------------+-------+-------++-------
Melee: Unarmed           |   111 |    46 ||   157
       Constrict         |    27 |    17 ||    44
       Tentacles         |    21 |    11 ||    32
       Punch             |     2 |     1 ||     3
Evoke: Wand              |     1 |     5 ||     6
 Stab: Sleeping          |     6 |     3 ||     9
       Confused          |       |     1 ||     1
Armor: Skin              |    15 |     2 ||    17
Dodge: Dodged            |    97 |    31 ||   128
